3152 views
Uploaded 2020-03-19 22:52:22
Game version 1.32.3
25:13 long 4on4 ladder game on (8)Northshire_LV
Saved by ChuckleMan
3152 views
Uploaded 2020-03-19 22:52:22
Game version 1.32.3
25:13 long 4on4 ladder game on (8)Northshire_LV


177 units @ 24.5k
/ 4.5k
120 buildings @ 16.8k
/ 9.6k



| Rod of Necromancy | 2 | 300 |
| Potion of Healing | 1 | 150 |
| Orb of Corruption | 1 | 375 |
| Potion of Mana | 1 | 200 |
| Scroll of Town Portal | 6 | 2100 |
| total: | 11 | 3125g |
| Acolyte | 2 | 150 | / | 0 |
| Ghoul | 1 | 120 | / | 0 |
| Crypt Fiend | 11 | 2365 | / | 440 |
| Obsidian Statue | 1 | 200 | / | 35 |
| Abomination | 1 | 240 | / | 70 |
| Banshee | 3 | 465 | / | 90 |
| total: | 19 | 3540g | / | 635w |
| Nerubian Tower | 1 | 100 | / | 20 |
| Spirit Tower | 3 | 435 | / | 120 |
| Graveyard | 1 | 215 | / | 0 |
| Crypt | 1 | 200 | / | 50 |
| Altar of Darkness | 1 | 180 | / | 50 |
| Ziggurat | 7 | 1050 | / | 350 |
| Tomb of Relics | 2 | 260 | / | 60 |
| Sacrificial Pit | 1 | 75 | / | 150 |
| Slaughterhouse | 2 | 280 | / | 270 |
| Temple of the Damned | 3 | 465 | / | 420 |
| Boneyard | 3 | 525 | / | 600 |
| Halls of the Dead | 1 | 320 | / | 210 |
| Black Citadel | 1 | 325 | / | 230 |
| total: | 21 | 3250g | / | 1950w |
| 0:03 | Acolyte |
| 0:05 | Graveyard |
| 0:08 | Crypt |
| 0:15 | Acolyte |
| 0:29 | Altar of Darkness |
| 0:48 | Ziggurat |
| 1:12 | Ghoul |
| 1:14 | Tomb of Relics |
| 1:39 | Crypt Fiend |
| 1:50 | Ziggurat |
| 2:13 | Crypt Fiend |
| 2:35 | Rod of Necromancy |
| 2:38 | Death Coil |
| 2:53 | Crypt Fiend |
| 3:28 | Halls of the Dead |
| 3:33 | Unholy Aura |
| 4:05 | Crypt Fiend |
| 4:17 | Creature Attack |
| 4:34 | Ziggurat |
| 4:36 | Nerubian Tower |
| 4:41 | Rod of Necromancy |
| 4:47 | Crypt Fiend |
| 5:20 | Death Coil |
| 5:41 | Crypt Fiend |
| 6:07 | Black Citadel |
| 6:35 | Potion of Healing |
| 6:39 | Sacrificial Pit |
| 6:52 | Burrow |
| 7:24 | Scroll of Town Portal |
| 7:28 | Frost Nova |
| 7:41 | Ziggurat |
| 7:42 | Ziggurat |
| 8:12 | Unholy Aura |
| 8:34 | Boneyard |
| 8:39 | Boneyard |
| 8:45 | Boneyard |
| 9:46 | Web |
| 9:58 | Spirit Tower |
| 10:14 | Sleep |
| 10:25 | Slaughterhouse |
| 10:29 | Orb of Corruption |
| 11:29 | Frost Armor |
| 11:39 | Obsidian Statue |
| 11:41 | Crypt Fiend |
| 11:46 | Scroll of Town Portal |
| 11:56 | Vampiric Aura |
| 12:23 | Temple of the Damned |
| 12:56 | Abomination |
| 13:05 | Scroll of Town Portal |
| 13:07 | Potion of Mana |
| 13:29 | Destroyer Form |
| 14:17 | Frost Nova |
| 14:35 | Death Coil |
| 14:43 | Crypt Fiend |
| 14:55 | Slaughterhouse |
| 14:57 | Spirit Tower |
| 15:25 | Ziggurat |
| 15:27 | Spirit Tower |
| 15:36 | Crypt Fiend |
| 15:37 | Ziggurat |
| 16:14 | Scroll of Town Portal |
| 16:45 | Crypt Fiend |
| 16:45 | Crypt Fiend |
| 17:38 | Scroll of Town Portal |
| 17:48 | Sleep |
| 19:37 | Temple of the Damned |
| 19:57 | Temple of the Damned |
| 20:19 | Improved Creature Attack |
| 20:46 | Banshee Adept Training |
| 20:46 | Banshee |
| 21:10 | Banshee |
| 21:36 | Tomb of Relics |
| 22:05 | Banshee Master Training |
| 22:05 | Banshee |
| 22:48 | Scroll of Town Portal |
| Right click | 1729 |
| Select group | 607 |
| Select | 450 |
| Misc. action | 380 |
| Assign group | 137 |
| Build/train/purchase | 92 |
| Use ability | 61 |
| Item give/drop | 2 |
⇛
Grimmy7
(3)
(24:55) : 

| Staff of Preservation | 1 | 150 |
| Potion of Healing | 1 | 150 |
| Orb of Venom | 1 | 325 |
| Scroll of Town Portal | 2 | 700 |
| total: | 5 | 1325g |
| Wisp | 31 | 1860 | / | 0 |
| Archer | 6 | 780 | / | 60 |
| Dryad | 13 | 1885 | / | 780 |
| Mountain Giant | 1 | 350 | / | 100 |
| Goblin Shredder | 1 | 375 | / | 100 |
| total: | 52 | 5250g | / | 1040w |
| Ancient Protector | 14 | 1890 | / | 1120 |
| Altar of Elders | 1 | 180 | / | 50 |
| Moon Well | 5 | 900 | / | 200 |
| Ancient of War | 1 | 150 | / | 60 |
| Tree of Life | 2 | 680 | / | 370 |
| Hunter's Hall | 1 | 210 | / | 100 |
| Ancient of Wonders | 2 | 180 | / | 60 |
| Ancient of Wind | 1 | 150 | / | 140 |
| Ancient of Lore | 6 | 930 | / | 870 |
| Chimaera Roost | 3 | 420 | / | 570 |
| Tree of Ages | 2 | 640 | / | 360 |
| Tree of Eternity | 2 | 660 | / | 400 |
| total: | 36 | 5690g | / | 3540w |
| 0:02 | Wisp |
| 0:02 | Wisp |
| 0:03 | Wisp |
| 0:15 | Altar of Elders |
| 0:18 | Moon Well |
| 0:32 | Wisp |
| 0:42 | Wisp |
| 0:43 | Wisp |
| 1:03 | Ancient of War |
| 1:25 | Moon Well |
| 1:28 | Wisp |
| 1:28 | Wisp |
| 1:45 | Wisp |
| 2:08 | Wisp |
| 2:21 | Archer |
| 2:21 | Archer |
| 2:24 | Wisp |
| 2:25 | Wisp |
| 2:28 | Cluster Rockets |
| 2:40 | Moon Well |
| 2:56 | Archer |
| 3:16 | Archer |
| 3:31 | Tree of Ages |
| 3:39 | Archer |
| 4:09 | Archer |
| 4:20 | Engineering Upgrade |
| 4:30 | Tree of Life |
| 4:44 | Hunter's Hall |
| 5:09 | Ancient of Wonders |
| 5:14 | Moon Well |
| 5:27 | Moon Well |
| 6:10 | Improved Bows |
| 6:23 | Strength of the Moon |
| 6:26 | Tree of Eternity |
| 6:48 | Cluster Rockets |
| 6:59 | Forked Lightning |
| 7:05 | Strength of the Wild |
| 7:07 | Wisp |
| 7:08 | Wisp |
| 7:08 | Wisp |
| 7:11 | Wisp |
| 8:19 | Reinforced Hides |
| 8:19 | Improved Strength of the Wild |
| 8:21 | Wisp |
| 8:21 | Wisp |
| 8:24 | Wisp |
| 9:00 | Goblin Shredder |
| 9:05 | Ancient of Wind |
| 9:09 | Chimaera Roost |
| 9:09 | Chimaera Roost |
| 9:40 | Chimaera Roost |
| 9:50 | Scroll of Town Portal |
| 9:50 | Staff of Preservation |
| 9:51 | Potion of Healing |
| 9:58 | Orb of Venom |
| 10:06 | Ancient Protector |
| 10:10 | Ancient Protector |
| 10:15 | Ancient of Lore |
| 10:18 | Ancient of Lore |
| 10:29 | Ancient of Lore |
| 10:48 | Ancient Protector |
| 10:53 | Ancient Protector |
| 10:56 | Ancient Protector |
| 11:13 | Ancient Protector |
| 11:23 | Wisp |
| 11:31 | Wisp |
| 12:00 | Frost Arrows |
| 12:12 | Tree of Life |
| 12:26 | Ancient Protector |
| 12:57 | Tree of Ages |
| 13:24 | Dryad |
| 13:38 | Dryad |
| 13:49 | Dryad |
| 14:20 | Dryad |
| 14:32 | Wisp |
| 14:32 | Wisp |
| 14:41 | Wisp |
| 14:43 | Wisp |
| 14:54 | Wisp |
| 15:03 | Ancient Protector |
| 15:20 | Wisp |
| 15:28 | Dryad |
| 15:48 | Wisp |
| 15:58 | Nature's Blessing |
| 16:05 | Wisp |
| 16:07 | Ancient Protector |
| 16:15 | Ancient Protector |
| 16:17 | Ancient Protector |
| 16:18 | Wisp |
| 16:34 | Scroll of Town Portal |
| 16:43 | Ancient Protector |
| 16:54 | Engineering Upgrade |
| 17:38 | Ancient Protector |
| 17:40 | Ancient Protector |
| 17:42 | Tree of Eternity |
| 17:49 | Abolish Magic |
| 18:34 | Dryad |
| 18:53 | Dryad |
| 19:18 | Improved Reinforced Hides |
| 19:21 | Forked Lightning |
| 19:44 | Dryad |
| 21:00 | Wisp |
| 21:33 | Ancient of Lore |
| 21:35 | Ancient of Lore |
| 21:36 | Well Spring |
| 22:29 | Dryad |
| 22:29 | Dryad |
| 22:32 | Ancient of Lore |
| 22:52 | Dryad |
| 23:09 | Dryad |
| 23:21 | Ancient of Wonders |
| 23:48 | Dryad |
| 24:45 | Mountain Giant |
| Right click | 884 |
| Select | 521 |
| Select group | 307 |
| Misc. action | 236 |
| Build/train/purchase | 91 |
| Use ability | 77 |
| Assign group | 36 |
| Chat | 25 |
| Resource trade | 5 |
| Esc | 4 |
| Item give/drop | 1 |
| Minimap ping | 1 |
⇛
BarackPajama
(24:59) : 


| Orb of Venom | 1 | 325 |
| Staff of Preservation | 1 | 150 |
| Moonstone | 1 | 50 |
| Anti-magic Potion | 2 | 200 |
| Scroll of Town Portal | 5 | 1750 |
| Potion of Lesser Invulnerability | 1 | 150 |
| total: | 11 | 2625g |
| Wisp | 19 | 1140 | / | 0 |
| Archer | 6 | 780 | / | 60 |
| Hippogryph | 10 | 1600 | / | 200 |
| Chimaera | 4 | 1320 | / | 280 |
| Dryad | 9 | 1305 | / | 540 |
| Goblin Shredder | 1 | 375 | / | 100 |
| total: | 49 | 6520g | / | 1180w |
| Ancient Protector | 4 | 540 | / | 320 |
| Moon Well | 7 | 1260 | / | 280 |
| Altar of Elders | 1 | 180 | / | 50 |
| Ancient of War | 1 | 150 | / | 60 |
| Hunter's Hall | 1 | 210 | / | 100 |
| Tree of Life | 1 | 340 | / | 185 |
| Ancient of Wonders | 1 | 90 | / | 30 |
| Ancient of Wind | 1 | 150 | / | 140 |
| Ancient of Lore | 5 | 775 | / | 725 |
| Chimaera Roost | 3 | 420 | / | 570 |
| Tree of Ages | 1 | 320 | / | 180 |
| Tree of Eternity | 1 | 330 | / | 200 |
| total: | 25 | 4115g | / | 2460w |
| 0:04 | Wisp |
| 0:04 | Wisp |
| 0:04 | Wisp |
| 0:17 | Moon Well |
| 0:22 | Altar of Elders |
| 0:35 | Wisp |
| 0:35 | Wisp |
| 0:48 | Wisp |
| 1:06 | Ancient of War |
| 1:10 | Wisp |
| 1:10 | Wisp |
| 1:31 | Wisp |
| 1:37 | Moon Well |
| 1:50 | Wisp |
| 2:07 | Archer |
| 2:37 | Tree of Ages |
| 3:12 | Archer |
| 3:15 | Mana Burn |
| 3:20 | Hunter's Hall |
| 3:24 | Archer |
| 4:14 | Moon Well |
| 4:15 | Archer |
| 4:39 | Evasion |
| 5:03 | Tree of Life |
| 5:12 | Wisp |
| 5:17 | Goblin Shredder |
| 5:23 | Tree of Eternity |
| 5:36 | Ancient of Wonders |
| 5:46 | Archer |
| 6:10 | Ancient of Wind |
| 6:19 | Archer |
| 6:25 | Mana Burn |
| 7:06 | Frost Arrows |
| 7:12 | Hippogryph |
| 7:12 | Hippogryph |
| 7:12 | Hippogryph |
| 8:12 | Wisp |
| 8:12 | Wisp |
| 8:13 | Wisp |
| 8:13 | Wisp |
| 8:13 | Wisp |
| 8:31 | Chimaera Roost |
| 8:34 | Chimaera Roost |
| 8:39 | Chimaera Roost |
| 8:52 | Cluster Rockets |
| 9:03 | Moon Well |
| 9:34 | Hippogryph |
| 9:39 | Moon Well |
| 9:49 | Wisp |
| 9:50 | Wisp |
| 9:55 | Ancient Protector |
| 9:59 | Ancient Protector |
| 10:02 | Ancient Protector |
| 10:08 | Moon Well |
| 10:12 | Hippogryph |
| 10:20 | Orb of Venom |
| 10:35 | Staff of Preservation |
| 10:41 | Ancient Protector |
| 10:44 | Hippogryph |
| 11:08 | Moonstone |
| 11:25 | Chimaera |
| 11:27 | Chimaera |
| 11:46 | Hippogryph |
| 11:51 | Wisp |
| 12:36 | Chimaera |
| 13:03 | Reinforced Hides |
| 13:04 | Strength of the Wild |
| 13:20 | Hippogryph |
| 13:52 | Scroll of Town Portal |
| 14:13 | Forked Lightning |
| 14:30 | Potion of Lesser Invulnerability |
| 14:33 | Chimaera |
| 14:36 | Immolation |
| 14:38 | Engineering Upgrade |
| 15:10 | Hippogryph |
| 15:10 | Hippogryph |
| 15:12 | Improved Strength of the Wild |
| 15:14 | Corrosive Breath |
| 15:37 | Scroll of Town Portal |
| 15:52 | Improved Reinforced Hides |
| 17:04 | Ancient of Lore |
| 17:05 | Ancient of Lore |
| 17:07 | Ancient of Lore |
| 17:09 | Ancient of Lore |
| 17:14 | Engineering Upgrade |
| 17:22 | Mana Shield |
| 18:17 | Dryad |
| 18:20 | Ancient of Lore |
| 18:31 | Dryad |
| 18:45 | Dryad |
| 19:09 | Dryad |
| 19:11 | Advanced Strength of the Wild |
| 19:11 | Advanced Reinforced Hides |
| 19:39 | Dryad |
| 19:40 | Abolish Magic |
| 20:00 | Dryad |
| 20:44 | Dryad |
| 21:43 | Moon Well |
| 21:53 | Scroll of Town Portal |
| 22:07 | Scroll of Town Portal |
| 22:09 | Anti-magic Potion |
| 22:26 | Mana Burn |
| 23:02 | Anti-magic Potion |
| 23:14 | Dryad |
| 23:43 | Dryad |
| 23:56 | Scroll of Town Portal |
| Right click | 1215 |
| Select group | 904 |
| Select | 540 |
| Misc. action | 151 |
| Build/train/purchase | 111 |
| Assign group | 61 |
| Use ability | 53 |
| Resource trade | 32 |
| Chat | 4 |
| Item give/drop | 3 |
| Esc | 3 |
| Remove unit | 1 |
| Minimap ping | 1 |


| Scroll of Regeneration | 3 | 300 |
| Scroll of Town Portal | 1 | 350 |
| total: | 4 | 650g |
| Peasant | 16 | 1200 | / | 0 |
| Footman | 1 | 135 | / | 0 |
| Rifleman | 28 | 5740 | / | 840 |
| Mortar Team | 12 | 2160 | / | 840 |
| total: | 57 | 9235g | / | 1680w |
| Scout Tower | 15 | 450 | / | 300 |
| Guard Tower | 10 | 700 | / | 500 |
| Altar of Kings | 2 | 360 | / | 100 |
| Barracks | 2 | 320 | / | 120 |
| Farm | 12 | 960 | / | 240 |
| Blacksmith | 1 | 140 | / | 60 |
| Town Hall | 3 | 1155 | / | 615 |
| Arcane Vault | 1 | 130 | / | 30 |
| Lumber Mill | 1 | 120 | / | 0 |
| Workshop | 1 | 140 | / | 140 |
| Keep | 2 | 640 | / | 420 |
| Castle | 1 | 360 | / | 210 |
| total: | 38 | 3775g | / | 1605w |
| 0:03 | Peasant |
| 0:03 | Peasant |
| 0:08 | Altar of Kings |
| 0:13 | Barracks |
| 0:16 | Farm |
| 0:28 | Peasant |
| 0:40 | Peasant |
| 0:57 | Farm |
| 1:02 | Peasant |
| 1:09 | Peasant |
| 1:33 | Farm |
| 1:36 | Footman |
| 1:43 | Peasant |
| 2:09 | Peasant |
| 2:18 | Blacksmith |
| 2:26 | Peasant |
| 2:29 | Farm |
| 2:40 | Peasant |
| 2:48 | Rifleman |
| 3:24 | Rifleman |
| 3:31 | Farm |
| 3:39 | Summon Water Elemental |
| 3:45 | Rifleman |
| 4:06 | Rifleman |
| 4:10 | Keep |
| 4:25 | Farm |
| 4:39 | Rifleman |
| 4:44 | Brilliance Aura |
| 5:07 | Rifleman |
| 5:32 | Rifleman |
| 5:53 | Town Hall |
| 6:09 | Summon Water Elemental |
| 6:16 | Rifleman |
| 6:19 | Farm |
| 7:23 | Long Rifles |
| 7:24 | Rifleman |
| 7:41 | Peasant |
| 7:41 | Peasant |
| 7:47 | Workshop |
| 7:52 | Rifleman |
| 8:07 | Arcane Vault |
| 8:24 | Castle |
| 8:26 | Black Gunpowder |
| 8:33 | Peasant |
| 8:33 | Peasant |
| 8:40 | Storm Bolt |
| 8:50 | Mortar Team |
| 8:50 | Mortar Team |
| 8:59 | Scout Tower |
| 9:04 | Peasant |
| 9:04 | Peasant |
| 9:09 | Scout Tower |
| 9:11 | Scout Tower |
| 9:12 | Scout Tower |
| 9:15 | Scout Tower |
| 9:23 | Mortar Team |
| 9:29 | Scroll of Town Portal |
| 9:40 | Lumber Mill |
| 9:44 | Rifleman |
| 9:46 | Mortar Team |
| 10:02 | Farm |
| 10:02 | Farm |
| 10:03 | Farm |
| 10:04 | Farm |
| 10:05 | Farm |
| 10:31 | Rifleman |
| 10:33 | Mortar Team |
| 10:33 | Mortar Team |
| 10:41 | Guard Tower |
| 11:08 | Guard Tower |
| 11:33 | Guard Tower |
| 11:35 | Scout Tower |
| 11:36 | Scout Tower |
| 11:37 | Scout Tower |
| 11:40 | Rifleman |
| 11:43 | Fragmentation Shards |
| 11:43 | Mortar Team |
| 11:48 | Rifleman |
| 11:49 | Guard Tower |
| 11:52 | Scout Tower |
| 12:09 | Scroll of Regeneration |
| 12:16 | Guard Tower |
| 12:23 | Rifleman |
| 12:34 | Guard Tower |
| 12:49 | Scout Tower |
| 13:08 | Guard Tower |
| 14:00 | Mortar Team |
| 14:01 | Rifleman |
| 14:05 | Rifleman |
| 14:06 | Mortar Team |
| 14:12 | Barracks |
| 14:16 | Refined Gunpowder |
| 14:17 | Studded Leather Armor |
| 14:59 | Guard Tower |
| 15:06 | Scout Tower |
| 15:07 | Scout Tower |
| 15:08 | Scout Tower |
| 15:23 | Rifleman |
| 15:24 | Rifleman |
| 15:25 | Rifleman |
| 15:25 | Rifleman |
| 15:32 | Scout Tower |
| 15:40 | Scroll of Regeneration |
| 16:08 | Guard Tower |
| 16:10 | Scout Tower |
| 16:45 | Rifleman |
| 16:46 | Rifleman |
| 16:46 | Rifleman |
| 16:50 | Mortar Team |
| 17:31 | Mortar Team |
| 17:40 | Rifleman |
| 17:40 | Rifleman |
| 17:42 | Mortar Team |
| 18:10 | Rifleman |
| 18:12 | Rifleman |
| 18:17 | Reinforced Leather Armor |
| 18:42 | Scroll of Regeneration |
| 20:05 | Keep |
| 20:10 | Altar of Kings |
| 20:16 | Town Hall |
| 21:28 | Town Hall |
| Select | 305 |
| Right click | 286 |
| Build/train/purchase | 106 |
| Misc. action | 74 |
| Minimap ping | 21 |
| Esc | 20 |
| Assign group | 13 |
| Use ability | 7 |
| Select group | 3 |
| Item give/drop | 1 |
193 units @ 25k
/ 3.4k
103 buildings @ 17k
/ 9k

| Scroll of Speed | 1 | 50 |
| Healing Salve | 1 | 100 |
| Lesser Clarity Potion | 1 | 70 |
| total: | 3 | 220g |
| Peon | 15 | 1125 | / | 0 |
| Troll Batrider | 19 | 3040 | / | 760 |
| Tauren | 6 | 1680 | / | 480 |
| Goblin Shredder | 1 | 375 | / | 100 |
| total: | 41 | 6220g | / | 1340w |
| Altar of Storms | 1 | 180 | / | 50 |
| Orc Burrow | 10 | 1600 | / | 400 |
| Voodoo Lounge | 1 | 130 | / | 30 |
| War Mill | 1 | 205 | / | 0 |
| Great Hall | 1 | 385 | / | 185 |
| Beastiary | 3 | 435 | / | 420 |
| Tauren Totem | 3 | 405 | / | 465 |
| Stronghold | 1 | 315 | / | 190 |
| Fortress | 1 | 325 | / | 190 |
| total: | 20 | 3340g | / | 1550w |
| 0:04 | Peon |
| 0:04 | Peon |
| 0:09 | Altar of Storms |
| 0:20 | Orc Burrow |
| 0:29 | Peon |
| 0:43 | Peon |
| 0:55 | Peon |
| 1:02 | Voodoo Lounge |
| 1:06 | Peon |
| 1:22 | Peon |
| 1:45 | Peon |
| 2:05 | Stronghold |
| 2:09 | War Mill |
| 2:12 | Feral Spirit |
| 3:37 | Chain Lighting |
| 4:29 | Fortress |
| 4:33 | Beastiary |
| 4:39 | Beastiary |
| 4:42 | Beastiary |
| 4:48 | Orc Burrow |
| 4:52 | Orc Burrow |
| 6:36 | Troll Batrider |
| 6:42 | Orc Burrow |
| 6:50 | Liquid Fire |
| 6:55 | Peon |
| 6:56 | Peon |
| 7:19 | Goblin Shredder |
| 7:35 | Orc Burrow |
| 7:42 | Troll Batrider |
| 8:14 | Troll Batrider |
| 8:15 | Troll Batrider |
| 8:17 | Steel Ranged Weapons |
| 8:22 | Troll Batrider |
| 8:44 | Troll Batrider |
| 8:55 | Troll Batrider |
| 9:00 | Troll Batrider |
| 9:12 | Orc Burrow |
| 9:25 | Scroll of Speed |
| 10:04 | Troll Batrider |
| 10:46 | Troll Batrider |
| 11:17 | Troll Batrider |
| 11:39 | Troll Batrider |
| 11:43 | Troll Batrider |
| 12:03 | Feral Spirit |
| 13:15 | Troll Batrider |
| 13:49 | Healing Salve |
| 13:50 | Lesser Clarity Potion |
| 14:45 | Troll Batrider |
| 14:53 | Great Hall |
| 15:29 | Troll Batrider |
| 16:15 | Troll Batrider |
| 16:40 | Troll Batrider |
| 19:03 | Tauren Totem |
| 19:04 | Tauren Totem |
| 19:09 | Steel Armor |
| 19:13 | Troll Batrider |
| 19:41 | Tauren Totem |
| 20:24 | Tauren |
| 20:53 | Tauren |
| 20:55 | Tauren |
| 21:00 | Orc Burrow |
| 21:05 | Peon |
| 21:05 | Peon |
| 21:05 | Peon |
| 21:05 | Peon |
| 21:05 | Peon |
| 21:18 | Chain Lighting |
| 22:03 | Orc Burrow |
| 22:13 | Orc Burrow |
| 22:17 | Orc Burrow |
| 22:37 | Thorium Armor |
| 22:37 | Steel Melee Weapons |
| 22:41 | Pulverize |
| 23:14 | Tauren |
| 23:46 | Tauren |
| 24:14 | Chain Lighting |
| 25:10 | Tauren |
| Right click | 535 |
| Select | 337 |
| Build/train/purchase | 85 |
| Chat | 42 |
| Use ability | 23 |
| Item give/drop | 3 |
| Minimap ping | 2 |
| Remove unit | 1 |



| Orb of Corruption | 2 | 750 |
| Potion of Healing | 1 | 150 |
| Lesser Clarity Potion | 2 | 140 |
| Scroll of Healing | 2 | 500 |
| Scroll of Town Portal | 5 | 1750 |
| Boots of Speed | 3 | 750 |
| Scroll of Protection | 1 | 150 |
| Scroll of Speed | 2 | 100 |
| Orb of Lightning | 1 | 375 |
| Healing Salve | 1 | 100 |
| total: | 20 | 4765g |
| Acolyte | 9 | 675 | / | 0 |
| Ghoul | 7 | 840 | / | 0 |
| Gargoyle | 10 | 1750 | / | 300 |
| Frost Wyrm | 2 | 770 | / | 240 |
| Goblin Shredder | 1 | 375 | / | 100 |
| Wisp | 12 | 720 | / | 0 |
| Chimaera | 4 | 1320 | / | 280 |
| total: | 45 | 6450g | / | 920w |
| Nerubian Tower | 3 | 300 | / | 60 |
| Spirit Tower | 2 | 290 | / | 80 |
| Crypt | 2 | 400 | / | 100 |
| Necropolis | 2 | 450 | / | 0 |
| Ziggurat | 12 | 1800 | / | 600 |
| Altar of Darkness | 1 | 180 | / | 50 |
| Graveyard | 1 | 215 | / | 0 |
| Tomb of Relics | 1 | 130 | / | 30 |
| Sacrificial Pit | 3 | 225 | / | 450 |
| Boneyard | 3 | 525 | / | 600 |
| Halls of the Dead | 1 | 320 | / | 210 |
| Black Citadel | 1 | 325 | / | 230 |
| Moon Well | 7 | 1260 | / | 280 |
| Chimaera Roost | 12 | 1680 | / | 2280 |
| total: | 44 | 6865g | / | 4390w |
| 0:03 | Acolyte |
| 0:03 | Acolyte |
| 0:11 | Crypt |
| 0:23 | Necropolis |
| 0:43 | Ziggurat |
| 1:01 | Altar of Darkness |
| 1:13 | Ghoul |
| 1:27 | Ghoul |
| 1:43 | Ghoul |
| 2:10 | Halls of the Dead |
| 2:19 | Ghoul |
| 2:26 | Acolyte |
| 2:46 | Ghoul |
| 3:03 | Ziggurat |
| 3:04 | Death Coil |
| 3:17 | Ghoul |
| 4:01 | Ghoul |
| 4:03 | Acolyte |
| 4:03 | Acolyte |
| 4:03 | Acolyte |
| 4:35 | Black Citadel |
| 4:42 | Unholy Aura |
| 5:03 | Graveyard |
| 5:29 | Crypt |
| 5:30 | Sacrificial Pit |
| 5:33 | Tomb of Relics |
| 5:35 | Sacrificial Pit |
| 6:04 | Goblin Shredder |
| 6:22 | Boots of Speed |
| 6:22 | Boots of Speed |
| 6:52 | Ziggurat |
| 6:54 | Nerubian Tower |
| 7:01 | Death Coil |
| 7:12 | Gargoyle |
| 7:30 | Frost Nova |
| 7:32 | Orb of Corruption |
| 8:00 | Gargoyle |
| 8:15 | Gargoyle |
| 8:19 | Ziggurat |
| 8:26 | Potion of Healing |
| 8:31 | Carrion Swarm |
| 9:06 | Acolyte |
| 9:11 | Sacrificial Pit |
| 9:33 | Stone Form |
| 9:58 | Gargoyle |
| 10:19 | Acolyte |
| 10:23 | Boneyard |
| 10:24 | Boneyard |
| 10:25 | Boneyard |
| 10:44 | Gargoyle |
| 10:50 | Spirit Tower |
| 10:55 | Nerubian Tower |
| 10:57 | Nerubian Tower |
| 10:58 | Ziggurat |
| 10:59 | Ziggurat |
| 10:59 | Ziggurat |
| 11:00 | Ziggurat |
| 11:05 | Dark Ritual |
| 11:09 | Unholy Aura |
| 11:10 | Vampiric Aura |
| 11:36 | Creature Attack |
| 11:37 | Creature Carapace |
| 11:46 | Boots of Speed |
| 11:47 | Scroll of Healing |
| 11:47 | Scroll of Protection |
| 11:58 | Ziggurat |
| 11:59 | Ziggurat |
| 12:20 | Scroll of Town Portal |
| 12:20 | Scroll of Speed |
| 12:54 | Ziggurat |
| 12:56 | Ziggurat |
| 12:59 | Spirit Tower |
| 13:05 | Improved Creature Attack |
| 13:32 | Gargoyle |
| 14:36 | Scroll of Town Portal |
| 14:36 | Orb of Corruption |
| 14:37 | Scroll of Healing |
| 14:47 | Gargoyle |
| 15:07 | Carrion Swarm |
| 15:09 | Frost Nova |
| 15:32 | Advanced Creature Attack |
| 15:32 | Improved Creature Carapace |
| 16:15 | Death Coil |
| 16:52 | Scroll of Town Portal |
| 16:52 | Orb of Lightning |
| 16:53 | Healing Salve |
| 16:53 | Scroll of Speed |
| 17:03 | Lesser Clarity Potion |
| 17:03 | Lesser Clarity Potion |
| 17:20 | Wisp |
| 17:21 | Wisp |
| 17:21 | Wisp |
| 17:21 | Wisp |
| 17:28 | Wisp |
| 17:28 | Wisp |
| 17:30 | Frost Wyrm |
| 17:30 | Frost Wyrm |
| 17:47 | Chimaera Roost |
| 17:51 | Chimaera Roost |
| 17:51 | Chimaera Roost |
| 17:51 | Chimaera Roost |
| 17:52 | Chimaera Roost |
| 17:53 | Chimaera Roost |
| 18:34 | Scroll of Town Portal |
| 18:34 | Scroll of Town Portal |
| 19:05 | Dark Ritual |
| 19:06 | Vampiric Aura |
| 19:07 | Gargoyle |
| 19:11 | Freezing Breath |
| 19:41 | Gargoyle |
| 19:58 | Chimaera Roost |
| 19:59 | Chimaera Roost |
| 19:59 | Chimaera Roost |
| 20:01 | Chimaera Roost |
| 20:01 | Chimaera Roost |
| 20:02 | Chimaera Roost |
| 20:46 | Moon Well |
| 20:46 | Moon Well |
| 20:47 | Moon Well |
| 20:48 | Moon Well |
| 20:49 | Wisp |
| 20:49 | Wisp |
| 20:49 | Wisp |
| 20:50 | Wisp |
| 20:50 | Wisp |
| 20:50 | Wisp |
| 20:55 | Gargoyle |
| 20:57 | Unholy Aura |
| 20:58 | Advanced Creature Carapace |
| 21:26 | Frost Nova |
| 21:28 | Carrion Swarm |
| 22:14 | Chimaera |
| 22:14 | Chimaera |
| 22:14 | Chimaera |
| 22:14 | Chimaera |
| 22:15 | Moon Well |
| 22:15 | Moon Well |
| 22:16 | Moon Well |
| 22:34 | Acolyte |
| 23:10 | Necropolis |
| 24:21 | Death and Decay |
| 24:24 | Animate Dead |
| 24:31 | Inferno |
| Right click | 1171 |
| Select group | 637 |
| Chat | 277 |
| Select | 251 |
| Build/train/purchase | 121 |
| Use ability | 87 |
| Assign group | 70 |
| Misc. action | 55 |
| Minimap ping | 18 |
| Item give/drop | 11 |
| Esc | 2 |

| Scroll of Healing | 2 | 500 |
| Scroll of Protection | 2 | 300 |
| Rod of Necromancy | 1 | 150 |
| total: | 5 | 950g |
| Wisp | 28 | 1680 | / | 0 |
| Archer | 17 | 2210 | / | 170 |
| Druid of the Talon | 11 | 1595 | / | 220 |
| Hippogryph | 8 | 1280 | / | 160 |
| total: | 64 | 6765g | / | 550w |
| Ancient Protector | 8 | 1080 | / | 640 |
| Altar of Elders | 1 | 180 | / | 50 |
| Moon Well | 6 | 1080 | / | 240 |
| Ancient of War | 2 | 300 | / | 120 |
| Tree of Life | 1 | 340 | / | 185 |
| Hunter's Hall | 1 | 210 | / | 100 |
| Ancient of Wind | 3 | 450 | / | 420 |
| Tree of Ages | 1 | 320 | / | 180 |
| Tree of Eternity | 1 | 330 | / | 200 |
| total: | 22 | 3640g | / | 1755w |
| 0:04 | Wisp |
| 0:04 | Wisp |
| 0:10 | Altar of Elders |
| 0:20 | Moon Well |
| 0:24 | Wisp |
| 0:25 | Wisp |
| 0:25 | Wisp |
| 0:36 | Ancient of War |
| 0:47 | Wisp |
| 0:55 | Wisp |
| 1:20 | Wisp |
| 1:34 | Wisp |
| 1:47 | Wisp |
| 1:48 | Wisp |
| 1:55 | Wisp |
| 2:12 | Moon Well |
| 2:14 | Wisp |
| 2:21 | Black Arrow |
| 2:35 | Ancient of War |
| 3:07 | Archer |
| 3:12 | Moon Well |
| 3:15 | Archer |
| 3:32 | Archer |
| 3:47 | Archer |
| 4:04 | Archer |
| 4:25 | Archer |
| 4:37 | Archer |
| 5:03 | Silence |
| 5:15 | Tree of Life |
| 5:41 | Tree of Ages |
| 5:53 | Moon Well |
| 6:45 | Black Arrow |
| 6:56 | Hunter's Hall |
| 7:45 | Archer |
| 7:57 | Archer |
| 7:59 | Wisp |
| 7:59 | Wisp |
| 8:00 | Wisp |
| 8:00 | Wisp |
| 8:00 | Wisp |
| 8:14 | Archer |
| 8:17 | Rod of Necromancy |
| 8:44 | Improved Bows |
| 8:46 | Archer |
| 9:26 | Ancient of Wind |
| 9:27 | Ancient of Wind |
| 9:37 | Ultravision |
| 9:37 | Strength of the Moon |
| 9:58 | Wisp |
| 9:59 | Wisp |
| 9:59 | Wisp |
| 9:59 | Wisp |
| 9:59 | Wisp |
| 10:02 | Ancient of Wind |
| 10:28 | Silence |
| 10:34 | Druid of the Talon |
| 10:38 | Druid of the Talon |
| 10:44 | Moon Well |
| 10:58 | Moon Well |
| 11:17 | Druid of the Talon |
| 11:19 | Druid of the Talon |
| 11:21 | Archer |
| 11:36 | Improved Strength of the Moon |
| 11:56 | Druid of the Talon Adept Training |
| 11:57 | Druid of the Talon |
| 11:58 | Druid of the Talon |
| 11:59 | Archer |
| 11:59 | Archer |
| 12:17 | Druid of the Talon |
| 12:18 | Druid of the Talon |
| 12:21 | Tree of Eternity |
| 12:51 | Scroll of Protection |
| 12:52 | Scroll of Healing |
| 13:56 | Scroll of Protection |
| 13:56 | Scroll of Healing |
| 14:13 | Hippogryph |
| 14:39 | Hippogryph |
| 14:58 | Hippogryph |
| 14:59 | Hippogryph |
| 15:00 | Hippogryph |
| 15:25 | Hippogryph |
| 15:32 | Strength of the Wild |
| 16:07 | Hippogryph |
| 16:56 | Hippogryph |
| 17:41 | Druid of the Talon |
| 18:07 | Druid of the Talon |
| 18:16 | Druid of the Talon |
| 18:33 | Archer |
| 18:38 | Druid of the Talon Master Training |
| 19:00 | Archer |
| 19:40 | Archer |
| 19:41 | Marksmanship |
| 20:00 | Ancient Protector |
| 20:01 | Ancient Protector |
| 20:02 | Ancient Protector |
| 20:04 | Ancient Protector |
| 20:08 | Ancient Protector |
| 20:13 | Wisp |
| 20:13 | Wisp |
| 20:13 | Wisp |
| 20:13 | Wisp |
| 20:13 | Wisp |
| 20:17 | Ancient Protector |
| 20:18 | Ancient Protector |
| 20:58 | Ancient Protector |
| 21:07 | Black Arrow |
| 22:31 | Mark of the Talon |
| 24:07 | Charm |
| 24:44 | Silence |
| Right click | 874 |
| Select group | 674 |
| Select | 422 |
| Misc. action | 124 |
| Build/train/purchase | 96 |
| Assign group | 28 |
| Use ability | 20 |
| Resource trade | 4 |
| Esc | 1 |

| Orb of Venom | 1 | 325 |
| Scroll of Town Portal | 3 | 1050 |
| total: | 4 | 1375g |
| Wisp | 13 | 780 | / | 0 |
| Archer | 14 | 1820 | / | 140 |
| Hippogryph | 14 | 2240 | / | 280 |
| Goblin Shredder | 1 | 375 | / | 100 |
| Forest Troll High Priest | 1 | 305 | / | 40 |
| total: | 43 | 5520g | / | 560w |
| Ancient Protector | 2 | 270 | / | 160 |
| Moon Well | 6 | 1080 | / | 240 |
| Altar of Elders | 1 | 180 | / | 50 |
| Ancient of War | 2 | 300 | / | 120 |
| Tree of Life | 2 | 680 | / | 370 |
| Ancient of Wonders | 1 | 90 | / | 30 |
| Hunter's Hall | 1 | 210 | / | 100 |
| Ancient of Wind | 2 | 300 | / | 280 |
| Tree of Ages | 1 | 320 | / | 180 |
| Tree of Eternity | 1 | 330 | / | 200 |
| total: | 17 | 3110g | / | 1350w |
| 0:02 | Wisp |
| 0:03 | Wisp |
| 0:03 | Wisp |
| 0:17 | Moon Well |
| 0:22 | Wisp |
| 0:22 | Wisp |
| 0:32 | Altar of Elders |
| 0:46 | Moon Well |
| 0:49 | Wisp |
| 0:49 | Wisp |
| 1:01 | Wisp |
| 1:13 | Wisp |
| 1:33 | Ancient of War |
| 1:39 | Wisp |
| 1:53 | Ancient of War |
| 1:58 | Wisp |
| 2:04 | Moon Well |
| 2:08 | Wisp |
| 2:29 | Force of Nature |
| 2:36 | Archer |
| 2:51 | Tree of Ages |
| 3:04 | Archer |
| 3:05 | Archer |
| 3:18 | Archer |
| 3:18 | Archer |
| 3:32 | Archer |
| 4:08 | Tree of Life |
| 4:36 | Tree of Life |
| 4:40 | Archer |
| 4:46 | Entangling Roots |
| 5:01 | Ancient of Wonders |
| 5:21 | Ancient of Wind |
| 5:24 | Ancient of Wind |
| 5:25 | Wisp |
| 5:55 | Goblin Shredder |
| 6:32 | Scroll of Town Portal |
| 6:47 | Hippogryph |
| 7:06 | Moon Well |
| 7:09 | Entangling Roots |
| 7:30 | Hippogryph |
| 7:41 | Hippogryph |
| 7:51 | Archer |
| 8:01 | Moon Well |
| 8:15 | Hippogryph |
| 8:20 | Improved Bows |
| 8:34 | Scroll of Town Portal |
| 8:55 | Hippogryph |
| 9:03 | Archer |
| 9:05 | Hippogryph |
| 9:05 | Hippogryph |
| 9:55 | Forest Troll High Priest |
| 10:05 | Archer |
| 10:09 | Hunter's Hall |
| 10:11 | Force of Nature |
| 10:20 | Tree of Eternity |
| 10:24 | Moon Well |
| 11:25 | Archer |
| 11:25 | Archer |
| 11:27 | Hippogryph |
| 11:27 | Hippogryph |
| 11:41 | Ancient Protector |
| 11:46 | Ancient Protector |
| 11:52 | Strength of the Moon |
| 11:52 | Moon Armor |
| 12:03 | Druid of the Talon Adept Training |
| 12:06 | Hippogryph |
| 12:26 | Ultravision |
| 12:31 | Hippogryph |
| 12:33 | Archer |
| 12:54 | Improved Strength of the Moon |
| 13:20 | Archer |
| 13:23 | Hippogryph |
| 13:24 | Hippogryph |
| 13:46 | Hippogryph |
| 14:50 | Scroll of Town Portal |
| 14:50 | Orb of Venom |
| 15:05 | Improved Moon Armor |
| 15:09 | Advanced Strength of the Moon |
| 16:19 | Entangling Roots |
| Select | 288 |
| Right click | 259 |
| Select group | 166 |
| Build/train/purchase | 74 |
| Misc. action | 52 |
| Use ability | 29 |
| Assign group | 18 |
| Remove unit | 2 |